Map: Multitasking Trainer Alterzim (NeoMT)

Players

NeoAI Terran - Winner!

  • Race: Terran Terran
  • Spawn Location: 11:00

eLeeha

  • Race: Terran Terran
  • League: Silver
  • Spawn Location: 5:00

VOD

Have the link to the VOD?

Description

Time

  • Played on: Jan. 28, 2016, 1:17 p.m.
  • Length: 5:58
Show
View Real Time Build Order
Export as new Build Order

NeoAI Terran Terran - Winner!

Build Orders: 1/1/1, Banshee Rush 

Get SALT Encoding   

  12  0:01  SCV  
  12  0:02  Refinery  
  12  0:05  Barracks  
  13  0:07  Refinery  
  13  0:13  SCV  
  14  0:25  SCV  
  15  0:37  SCV  
  16  0:49  SCV  
  17  0:52  Marine  
  17  0:53  Factory  
  18  1:01  SCV  
  19  1:10  Marine  
  20  1:13  SCV  
  21  1:25  SCV  
  21  1:31  Supply Depot  
  22  1:38  SCV  
  23  1:40  Starport  
  23  1:42  Starport  
  23  1:50  SCV  
  24  2:02  SCV  
  24  2:04  Reaper  
  25  2:13  Bunker  
  25  2:14  SCV  
  26  2:16  Marine  
  26  2:17  Starport Tech Lab  
  26  2:19  Starport Tech Lab  
  26  2:22  Marine  
  27  2:24  Supply Depot  
  27  2:26  SCV  
  28  2:34  Marine  
  28  2:35  Banshee, Cloaking Field  
  28  2:37  Banshee  
  33  2:38  SCV  
  38  2:50  SCV  
  39  2:52  Marine  
  39  2:54  Supply Depot  
  39  2:57  Reaper  
  40  3:02  SCV  
  40  3:03  Supply Depot  
  41  3:13  Marine  
  41  3:14  SCV  
  41  3:18  Banshee  
  41  3:19  Banshee  
  46  3:26  SCV  
  50  3:30  Marine  
  52  3:59  Marine x5  
  52  4:00  Supply Depot  
  52  4:01  Banshee, Supply Depot  
  52  4:02  Banshee  
  55  4:03  Supply Depot, Orbital Command  
  55  4:05  Factory Tech Lab, Barracks  
  55  4:06  Engineering Bay  
  58  4:11  Marine  
  63  4:21  Widow Mine  
  63  4:23  Siege Tank, Infernal Pre-Igniter  
  66  4:29  Barracks Tech Lab  
  66  4:34  Engineering Bay  
  66  4:41  Widow Mine  
  66  4:43  Missile Turret x3  
  66  4:51  Marauder  
  70  5:02  Widow Mine  
  70  5:08  Missile Turret  
  70  5:13  Marauder  
  74  5:16  Barracks Tech Lab, Barracks  
  74  5:18  Medivac  
  74  5:19  Medivac  
  78  5:21  Supply Depot  
  78  5:23  Widow Mine x2  
  78  5:27  Missile Turret  
  78  5:33  Marine  
  78  5:34  Factory  
  78  5:35  Marauder  
  83  5:39  Command Center  
  83  5:44  Supply Depot  
  87  5:50  Missile Turret  
  87  5:55  Armory  
Show
View Real Time Build Order
Export as new Build Order

eLeeha Terran 

Build Orders:  

Get SALT Encoding   

  12  0:01  SCV  
  13  0:13  SCV  
  14  0:19  Supply Depot  
  14  0:22  Supply Depot  
  14  0:27  SCV  
  15  0:44  SCV  
  15  0:47  Barracks  
  16  0:56  SCV  
  17  0:57  Refinery  
  17  1:08  SCV  
  18  1:20  SCV  
  18  1:22  Supply Depot  
  19  1:32  SCV  
  20  1:35  Marine  
  20  1:44  Orbital Command  
  20  1:54  Marine  
  20  2:00  Command Center  
  21  2:12  SCV  
  23  2:17  Barracks Tech Lab  
  23  2:22  Refinery  
  22  2:24  SCV  
  22  2:27  Supply Depot  
  23  2:36  SCV  
  24  2:40  Stimpack  
  24  2:41  Marine  
  25  2:48  SCV  
  26  2:56  Engineering Bay  
  26  2:58  Marine  
  26  3:00  SCV  
  28  3:06  Factory  
  28  3:12  SCV  
  29  3:14  Orbital Command  
  29  3:22  Marine  
  29  3:24  SCV  
  31  3:31  Terran Infantry Weapons Level 1  
  31  3:34  Supply Depot  
  31  3:36  SCV  
  31  3:40  SCV  
  33  3:44  Marine  
  34  3:48  SCV  
  34  3:49  Factory Tech Lab  
  34  3:52  SCV, Starport  
  36  4:00  Supply Depot, SCV  
  37  4:05  SCV  
  37  4:06  Marauder  
  40  4:13  SCV, Siege Tank  
  40  4:17  SCV  
  45  4:25  SCV  
  45  4:27  Refinery  
  45  4:28  Refinery  
  45  4:29  SCV, Marauder  
  49  4:33  Starport Reactor  
  49  4:36  Supply Depot  
  49  4:37  SCV  
  50  4:41  SCV  
  50  4:44  Supply Depot  
  51  4:49  SCV  
  51  4:50  Marine  
  53  4:53  SCV, Siege Tank  
  50  5:11  Marine  
  49  5:21  Viking x2  
  46  5:23  SCV x2  
  50  5:28  Missile Turret  
  50  5:29  Marine  
  50  5:31  Missile Turret  
  47  5:35  SCV  
  47  5:36  SCV  
Tags
 
Add a new tag
Caveats
  • Supply blocks, unpowered buildings, or Contaminate may cause inaccurate times.
  • Supply counts are checked every 10 seconds.